 Dungeon Crawl Stone Soup version 0.31-a0-1511-g961fd35ebc (webtiles) character file.

Game seed: 14075277047139043698

266 Querens the Trooper (level 6, -11/50 HPs)
             Began as a Formicid Fighter on Dec 30, 2023.
             Mangled by an ogre
             ... wielding a +0 giant spiked club
              (33 damage)
             ... on level 4 of the Dungeon.
             The game lasted 00:07:05 (1741 turns).

Querens the Trooper (Formicid Fighter)              Turns: 1741, Time: 00:07:05

Health: -11/50     AC:  9    Str: 22    XL:     6   Next: 44%
Magic:  6/6        EV:  8    Int:  8    God:
Gold:   188        SH:  0    Dex: 13    Spells: 5/5 levels left

rFire   . . .        a - +0 war axe
rCold   . . .        c - +0 buckler
rNeg    . . .        g - +0 chain mail
rPois   .            (helmet unavailable)
rElec   .            (no cloak)
rCorr   .            (no gloves)
SInv    +            (no boots)
Will    .....        (no amulet) Stlth
                     (no ring)
HPRegen 0.28/turn    (no ring)
MPRegen 0.10/turn

%: no passive effects
@: confused, mighty, lethally poisoned (-11 -> -15)
A: permanent stasis, dig shafts and tunnels, antennae 3, four strong arms
a: Dig, Shaft Self


You were on level 4 of the Dungeon.
You visited 1 branch of the dungeon, and saw 4 of its levels.

You collected 188 gold pieces.

Inventory:

Hand Weapons
 a - a +0 war axe (weapon)
Armour
 c - a +0 buckler (worn)
 g - a +0 chain mail (worn)
Jewellery
 b - a +6 ring of intelligence
Talismans
 j - a flux talisman
Wands
 o - a wand of flame (20)
Scrolls
 f - 2 scrolls of identify {unknown}
 i - 3 scrolls of enchant weapon {unknown}
 k - a scroll of silence {unknown}
 l - a scroll of noise {unknown}
 m - 2 scrolls of fog {unknown}
 n - 4 scrolls of blinking {unknown}
 p - a scroll of torment {unknown}
 q - a scroll of teleportation {unknown}
Potions
 d - a potion of might
 e - a potion of haste {unknown}
 h - 3 potions of heal wounds
 r - a potion of attraction {unknown}
 s - a potion of lignification {unknown}
 t - 2 potions of invisibility {unknown}
 u - a potion of ambrosia {unknown}
 v - a potion of curing {unknown}


   Skills:
 + Level 4.9 Fighting
 - Level 2.4 Axes
 - Level 3.6 Armour
 - Level 4.4 Shields
 * Level 4.0 Shapeshifting


You had 5 spell levels left.
You didn't know any spells.
Your spell library contained the following spells:

 Spells                   Type           Power      Damage    Failure   Level
 Lesser Beckoning         Tloc           0%         N/A       99%         2
 Momentum Strike          Conj/Tloc      0%         3d8       99%         2
 Scorch                   Fire           0%         2d5       99%         2
 Flame Wave               Conj/Fire      0%         2d4       100%        4
 Summon Cactus Giant      Summ           0%         N/A       100%        6
 Blink                    Tloc           Unusable   N/A       N/A         2

Dungeon Overview and Level Annotations

Branches:
Dungeon (4/15)
 Temple: D:4-7

Altars:

Shops:
D:2 !


Innate Abilities, Weirdness & Mutations

You cannot be hasted, slowed, berserked, paralysed or teleported.
You can dig through walls and to a lower floor.
You have a pair of large antennae on your head. (SInv)
Your four strong arms can wield two-handed weapons with a shield.


Message History

The orc wizard hits you with a +0 dagger.
You block the orc's attack. The adder bites you but does no damage.
Unknown command.
Unknown command.
Unknown command.
You slash the ogre!
The ogre is severely wounded.
You hit the orc wizard. You barely miss the adder. You slash the ice beast!
You completely miss the orc. You barely miss the orc priest.
You block the orc priest's attack.
The ogre hits you with a +0 giant spiked club!
* * * LOW HITPOINT WARNING * * *
The orc wizard hits you but does no damage.
The orc closely misses you. The ice beast hits you.
* * * LOW HITPOINT WARNING * * *
The ice beast freezes you!
* * * LOW HITPOINT WARNING * * *
The adder bites you but does no damage. You block the orc priest's attack.
The ice beast barely misses you.
The orc wizard hits you but does no damage.
The orc barely misses you.
Unknown command.
Unknown command.
You feel much better. The adder bites you but does no damage.
The ogre closely misses you. You block the orc priest's attack.
The adder bites you but does no damage. The orc wizard casts a spell at you.
You are confused.
The orc closely misses you.
The ice beast hits you but does no damage.
Unknown command.
Unknown command.
The adder bites you.
You are poisoned.
The adder poisons you!
The orc priest hits you with a +2 flail of protection.
The ogre attacks as it pursues you!
The ogre hits you with a +0 giant spiked club!!
Ouch! That really hurt!
You die...

.... ..... . ...
...... ..##..
...... ....# ......
..<.##..B....#
##..#....>...
#..Yo........
#.oOS.....#
..###.o@.##..##
.............#
....##.......## ...
##.......##### ..
##...........# .
#....#>......##
......#..####^....#
.##.#.#.##
#.....#### ..####..
#....##..#


You could see an ice beast, an ogre, an orc priest, an orc wizard (invisible),
an adder, an orc and a giant cockroach.

Vanquished Creatures
  A scorpion (D:3)
  4 orc wizards
  Robin (D:3)
  3 dart slugs
  8 orcs
  9 ball pythons
  5 endoplasms
  2 giant cockroaches
  16 goblins
  9 hobgoblins
  5 jackals (D:1)
  2 kobolds
  A quokka (D:2)
  7 bats (D:1)
  A frilled lizard (D:3)
  9 rats
83 creatures vanquished.

Notes
Turn   | Place    | Note
-------+----------+-------------------------------------------
     0 | D:1      | Querens the Formicid Fighter began the quest for the Orb.
     0 | D:1      | Reached XP level 1. HP: 18/18 MP: 1/1
   145 | D:1      | Reached XP level 2. HP: 23/24 MP: 2/2
   276 | D:1      | Reached XP level 3. HP: 26/29 MP: 3/3
   485 | D:2      | Found Qienn's Distillery.
   552 | D:2      | Reached skill level 1 in Shapeshifting
   600 | D:2      | Found a faded altar of an unknown god.
   605 | D:2      | Reached XP level 4. HP: 37/37 MP: 4/4
  1105 | D:3      | Noticed Robin
  1118 | D:3      | Killed Robin
  1162 | D:3      | Noticed a scorpion
  1171 | D:3      | Killed a scorpion
  1172 | D:3      | Reached XP level 5. HP: 19/43 MP: 5/5
  1395 | D:3      | Reached XP level 6. HP: 28/49 MP: 6/6
  1732 | D:4      | Noticed an ice beast
  1733 | D:4      | Noticed an ogre
  1741 | D:4      | Mangled by an ogre

Illustrated notes

Levels and vault maps discovered:
D:1:      dpeg_arrival_chambers_temple_mockup, layout_rooms
D:2:      minmay_spotlight, layout_basic, serial_forest,
          infiniplex_forest_clump_C, infiniplex_forest_fountain,
          infiniplex_forest_lined_2, infiniplex_forest_straight_1,
          infiniplex_forest_lined_4_way, infiniplex_forest_clump_double,
          infiniplex_forest_end_2, infiniplex_forest_lined_2,
          chequers_ecumenical_altar_island, serial_shops, shop,
          minmay_misc_feat_rows
D:3:      layout_basic, patterned_corridor, uniq_robin
D:4:      layout_cave_pools, overflow_temple_1_default

Skill      XL: |  1  2  3  4  5  6 |
---------------+-------------------+-----
Shapeshifting  | 1 2 3 4 |  4.0
Fighting       | 4 |  4.9
Axes           | |  2.4
Armour         | |  3.6
Shields        | |  4.4

Action                     |  1- 3 |  4- 6 || total
---------------------------+-------+-------++-------
  Melee: War axe           |    84 |    84 ||   168
  Evoke: Wand              |       |     2 ||     2
    Use: Potion            |       |     3 ||     3
 Armour: Scale mail        |    43 |       ||    43
         Chain mail        |    32 |   134 ||   166
  Dodge: Dodged            |    58 |    55 ||   113
  Block: Buckler           |    33 |    35 ||    68

Table legend: (Time is in decaauts)
 A = Elapsed time spent in this place.
 B = Non-inter-level travel time spent in this place.
 C = Inter-level travel time spent in this place.
 D = Time resting spent in this place.
 E = Time spent auto-exploring this place.
 F = Levels seen in this place.
 G = Mean time per level.
                   A        B        C        D        E       F      G
               +--------+--------+--------+--------+--------+-----+--------+
         Total |   1817 |   1748 |     69 |      0 |      0 |   4 |  454.2 |
       Dungeon |   1817 |   1748 |     69 |      0 |      0 |   4 |  454.2 |
               +--------+--------+--------+--------+--------+-----+--------+

Top non-repeatable levels by time:
     D:2: 618 daAuts
     D:3: 605 daAuts
     D:1: 498 daAuts
     D:4: 95 daAuts
